 Dungeon Crawl Stone Soup version 0.29-a0-753-gb7bb9d756e (webtiles) character file.

Game seed: 3796182381089677946

114 Nattfarinn the Ducker (level 5, -2/40 HPs)
             Began as a Djinni Venom Mage on June 30, 2022.
             Slain by Pargi (5 damage)
             ... on level 3 of the Dungeon.
             The game lasted 00:04:19 (3056 turns).

Nattfarinn the Ducker (Djinni Venom Mage)           Turns: 3056, Time: 00:04:20

Health: -2/40      AC:  2    Str:  9    XL:     5   Next: 18%
Gold:   90         EV: 13    Int: 16    God:
                   SH:  0    Dex: 14

rFire   + + .      SeeInvis .   c - +0 rapier
rCold   x . .      Faith    .   (no shield)
rNeg    . . .      Spirit   .   a - +0 robe
rPois   ∞          Reflect  .   (no helmet)
rElec   .          Harm     .   (no cloak)
rCorr   .          Rampage  .   (no gloves)
Will    .....                   (boots unavailable)
Stlth   ++........              (no amulet)
HPRegen 0.13/turn               (no ring)
MPRegen 0.00/turn               (no ring)

@: mighty, attractive, flying
A: sickness immunity, fire resistance 2, cold vulnerability 1, float, innate
caster, HP casting, extra vitality 1
a: no special abilities


You were on level 3 of the Dungeon.
You visited 1 branch of the dungeon, and saw 3 of its levels.

You collected 90 gold pieces.

Inventory:

Hand Weapons
 c - a +0 rapier (weapon)
Armour
 a - a +0 robe (worn)
Scrolls
 b - a scroll of noise
 d - a scroll of identify
 e - a scroll of brand weapon {unknown}
 h - a scroll of enchant weapon {unknown}
Potions
 i - a potion of curing {unknown}
 j - a potion of berserk rage {unknown}
 k - a potion of degeneration {unknown}


   Skills:
 * Level 2.9 Fighting
 + Level 3.3 Dodging
 - Level 1.5 Stealth
 + Level 3.0 Spellcasting


You couldn't memorise any spells.
You knew the following spells:

 Your Spells              Type           Power      Damage    Failure   Level
a - Sting                 Tmut/Pois      48%        1d5       5%          1
b - Poisonous Vapours     Pois/Air       24%        N/A       9%          2
c - Mephitic Cloud        Conj/Pois/Air  12%        N/A       16%         3
d - Olgreb's Toxic Radia  Pois           12%        N/A       47%         4
e - Slow                  Hex            48%        N/A       5%          1
f - Call Imp              Summ           12%        N/A       9%          2
Your spell library was empty.

Dungeon Overview and Level Annotations

Branches:
Dungeon (3/15)

Altars:
Trog

Annotations:
D:3 Pargi


Innate Abilities, Weirdness & Mutations

You are immune to sickness and miasma.
You are immune to poison.
Your flesh is very heat resistant. (rF++)
You are vulnerable to cold. (rC-)
You float through the air rather than walking.
You learn spells naturally, not from books.
Your magical power is your life essence.
You have superior vitality. (+4 MHP)


Message History

Poisonous vapours surround Pargi!
Pargi looks even sicker.
Pargi bites you. Pargi closely misses you. Pargi claws you.
Casting: Poisonous Vapours (safe; 9% risk of failure)
Confirm with . or Enter, or press ? or * to list all spells.
Aiming: Poisonous Vapours (safe; 9% risk of failure)
Press: ? - help, Dir - move target, f/p - Pargi
Aim: Pargi (lightly wounded, very poisoned) Poisonous vapours surround Pargi!
Pargi looks even sicker.
Pargi bites you. Pargi closely misses you. x2
Unknown command.
Casting: Poisonous Vapours (safe; 9% risk of failure)
Confirm with . or Enter, or press ? or * to list all spells.
Aiming: Poisonous Vapours (safe; 9% risk of failure)
Press: ? - help, Dir - move target, f/p - Pargi
Aim: Pargi (lightly wounded, very poisoned) Poisonous vapours surround Pargi!
Pargi looks as sick as possible!
Pargi bites you.
* * * LOW HITPOINT WARNING * * *
Pargi closely misses you. x2
Pargi attacks as you move away! Pargi barely misses you.
Pargi closely misses you. Pargi claws you.
* * * LOW HITPOINT WARNING * * *
Pargi looks very sad for a moment.
Pargi attacks as you move away! Pargi bites you.
* * * LOW HITPOINT WARNING * * *
Pargi closely misses you. Pargi claws you.
* * * LOW HITPOINT WARNING * * *
It was a potion of might.
You feel very mighty all of a sudden. Pargi closely misses you.
Pargi misses you. Pargi claws you.
* * * LOW HITPOINT WARNING * * *
You barely miss Pargi.
Pargi is moderately wounded.
Pargi closely misses you. Pargi claws you.
* * * LOW HITPOINT WARNING * * *
Pargi closely misses you.
It was a potion of attraction.
You feel attractive to monsters. Pargi bites you.
You die...

#.# #.# #.#
#.# #.# #.#
#.# #.# #@#
##.#########T#
......†......#
##.###########


You could see Pargi (very poisoned).

Vanquished Creatures
  Robin (D:2)
  A gnoll (D:1)
  3 adders
  A worm (D:2)
  A dart slug (D:1)
  7 ball pythons
  3 endoplasms
  A giant cockroach (D:1)
  14 goblins
  8 hobgoblins
  6 kobolds
  2 quokkas (D:1)
  4 bats
  2 frilled lizards (D:1)
  3 rats (D:2)
57 creatures vanquished.

Notes
Turn   | Place    | Note
-------+----------+-------------------------------------------
     0 | D:1      | Nattfarinn the Djinni Venom Mage began the quest for the
                  | Orb.
     0 | D:1      | Nattfarinn set off with the following spells memorised:
                  | Sting, Poisonous Vapours, Mephitic Cloud, Olgreb's Toxic
                  | Radiance.
     0 | D:1      | Reached XP level 1. HP: 15/15 MP: 0/0
   208 | D:1      | Reached skill level 1 in Fighting
   208 | D:1      | Reached XP level 2. HP: 11/22 MP: 0/0
   451 | D:1      | Reached XP level 3. HP: 9/27 MP: 0/0
   451 | D:1      | Learned a level 1 spell: Slow
  1532 | D:2      | Found a bloodstained altar of Trog.
  1802 | D:2      | Reached XP level 4. HP: 30/33 MP: 0/0
  2184 | D:2      | Noticed Robin
  2204 | D:2      | Killed Robin
  2689 | D:2      | Found a faded altar of an unknown god.
  2695 | D:2      | Reached XP level 5. HP: 31/40 MP: 0/0
  2695 | D:2      | Learned a level 2 spell: Call Imp
  3040 | D:3      | Noticed Pargi
  3055 | D:3      | HP: 2/40 [Pargi (1)]
  3056 | D:3      | Slain by Pargi

Illustrated notes

Levels and vault maps discovered:
D:1:      dpeg_arrival_rhombi, layout_loops_ring
D:2:      layout_rooms, basic_altar, basic_ecumenical_altar,
          chequers_mini_garden, uniq_robin
D:3:      layout_loops_ring, grunt_nemelex_the_gamble, uniq_pargi, uniq_terence,
          uniq_sigmund, uniq_grinder

Skill      XL: |  1  2  3  4  5 |
---------------+----------------+-----
Fighting       | 1 2 |  2.9
Dodging        | 3 |  3.3
Spellcasting   | 3 |  3.0
Stealth        | |  1.5

Action                   |  1- 3 |  4- 6 || total
-------------------------+-------+-------++-------
Melee: Rapier            |     5 |     5 ||    10
 Cast: Sting             |    55 |    46 ||   101
       Poisonous Vapours |       |     8 ||     8
       Olgreb's Toxic Ra |       |     1 ||     1
  Use: Potion            |       |     3 ||     3
       Scroll            |       |     1 ||     1
 Stab: Invisible         |       |     2 ||     2
       Distracted        |       |     1 ||     1
Armor: Robe              |     1 |     4 ||     5
Dodge: Dodged            |    23 |    39 ||    62

Table legend: (Time is in decaauts)
 A = Elapsed time spent in this place.
 B = Non-inter-level travel time spent in this place.
 C = Inter-level travel time spent in this place.
 D = Time resting spent in this place.
 E = Time spent auto-exploring this place.
 F = Levels seen in this place.
 G = Mean time per level.
                   A        B        C        D        E       F      G
               +--------+--------+--------+--------+--------+-----+--------+
         Total |   3058 |   2993 |     65 |    919 |   1754 |   3 | 1019.3 |
       Dungeon |   3058 |   2993 |     65 |    919 |   1754 |   3 | 1019.3 |
               +--------+--------+--------+--------+--------+-----+--------+

Top non-repeatable levels by time:
     D:1: 2139 daAuts
     D:2: 876 daAuts
     D:3: 42 daAuts
